 Dungeon Crawl Stone Soup version 0.30.0-20-g3615ddf2f0 (webtiles) character file.

Game seed: 17904841197588250769

67 qw the Chopper (level 4, -3/28 HPs)
             Began as a Gargoyle Fighter on June 1, 2023.
             Slain by an ice beast (13 damage)
             ... on level 3 of the Dungeon.
             The game lasted 00:00:53 (1741 turns).

qw the Chopper (Gargoyle Fighter)                   Turns: 1741, Time: 00:00:54

Health: -3/28      AC: 12    Str: 21    XL:     4   Next: 18%
Magic:  4/4        EV:  7    Int:  9    God:
Gold:   73         SH:  4    Dex:  9    Spells: 3/3 levels left

rFire   . . .        Y - +1 war axe
rCold   . . .        c - +0 buckler
rNeg    + . .        i - +0 chain mail
rPois   inf          (no helmet)
rElec   +            (no cloak)
rCorr   .            (no gloves)
SInv    .            (no boots)
Will    .....        (no amulet) Stlth
                     (no ring)
HPRegen 0.24/turn    (no ring)
MPRegen 0.09/turn

%: no passive effects
@: no status effects
A: sickness immunity, AC +3, negative energy resistance 1, electricity
resistance, torment resistance 1, petrification resistance
a: no special abilities


You were on level 3 of the Dungeon.
You visited 1 branch of the dungeon, and saw 3 of its levels.

You collected 133 gold pieces.
You spent 60 gold pieces at shops.


Innate Abilities, Weirdness & Mutations

You are immune to sickness and miasma.
Your stone body is resilient. (AC +3)
You are immune to poison.
You resist negative energy. (rN+)
You are resistant to electric shocks. (rElec)
You are resistant to unholy torment.
You are immune to petrification.


   Skills:
 - Level 3.2 Fighting
 + Level 3.9 Axes
 - Level 3.2 Armour
 - Level 3.2 Shields


You had 3 spell levels left.
You didn't know any spells.
Your spell library was empty.

Inventory:

Hand Weapons
 g - a +0 flail
 Y - a +1 war axe (weapon)
Armour
 c - a +0 buckler (worn)
 i - a +0 chain mail (worn)
Scrolls
 a - a scroll of identify
 b - a scroll of fog {unknown}
Potions
 d - a potion of might
 e - 3 potions of curing
 f - a potion of ambrosia {unknown}
 h - a potion of attraction {unknown}
 j - a potion of flight {unknown}

Dungeon Overview and Level Annotations

Branches:
Dungeon (3/15)

Altars:

Shops:
D:2 !


Message History

A jackal comes into view.
The ice beast hits you but does no damage.
The jackal bites you but does no damage.
The jackal barks!
You hit the ice beast but do no damage.
The ice beast is moderately wounded.
You barely miss the jackal. The jackal closely misses you.
The ice beast hits you but does no damage.
The jackal barely misses you.
The ice beast hits you but does no damage.
You slash the ice beast!
The ice beast is heavily wounded.
You hit the jackal.
You kill the jackal!
The jackal bites you but does no damage.
The ice beast hits you. The ice beast freezes you!
You barely miss the ice beast.
The ice beast is heavily wounded.
You barely miss the jackal. The jackal completely misses you.
The ice beast completely misses you. The jackal bites you.
You hit the ice beast.
The ice beast is heavily wounded.
You barely miss the jackal. You block the jackal's attack.
The ice beast hits you but does no damage.
The jackal bites you but does no damage.
You block the ice beast's attack.
You barely miss the ice beast.
The ice beast is heavily wounded.
You slash the jackal!
You kill the jackal!
The ice beast hits you but does no damage.
You barely miss the ice beast.
The ice beast is heavily wounded.
You closely miss the quokka.
The quokka bites you but does no damage.
The ice beast hits you. The ice beast freezes you!
You die...

.....[.
......##
.......
#.#...
##...# ##
#...# .#
#rY.# .#
#@.# )#
##.# .#
#### #.#
.###.. #.#
...#.# #
#.#
.#.#.##.#
#.##
........#
#..#
#....####
#..##
.#...####.#
#####...###


You could see an ice beast and a quokka.

Vanquished Creatures
  An adder (D:2)
  7 ball pythons
  An endoplasm (D:1)
  A giant cockroach (D:3)
  11 goblins
  6 hobgoblins
  7 jackals
  3 kobolds
  3 quokkas
  2 bats
  6 frilled lizards
  4 rats (D:1)
52 creatures vanquished.

Notes
Turn   | Place    | Note
-------+----------+-------------------------------------------
     0 | D:1      | qw the Gargoyle Fighter began the quest for the Orb.
     0 | D:1      | Reached XP level 1. HP: 14/14 MP: 1/1
     0 | D:1      | 0 ||| qw: Version: 0.2-a-102-gdf20003
     0 | D:1      | 0 ||| qw: Game counter: 707
     0 | D:1      | 0 ||| qw: Always use a shield: true
     0 | D:1      | 0 ||| qw: God list: Okawaru
     0 | D:1      | 0 ||| qw: Allow faded altars: false
     0 | D:1      | 0 ||| qw: Do Orc after D:15 true
     0 | D:1      | 0 ||| qw: Do second Lair branch before Depths: true
     0 | D:1      | 0 ||| qw: Lair rune preference: random
     0 | D:1      | 0 ||| qw: Plans: Normal, Zot:1-4, Slime:5, God:TSO, Crypt,
                  | Tomb, Pan, Hells, Abyss, Win
     0 | D:1      | 0 ||| PLANNING D:1-11
   343 | D:1      | Reached XP level 2. HP: 19/19 MP: 2/2
   505 | D:1      | 505 ||| DROPPING +0 mace of draining.
   724 | D:1      | Reached skill level 3 in Axes
   978 | D:1      | 978 ||| DROPPING +2 robe of cold resistance.
   979 | D:1      | 979 ||| UPGRADING to +0 chain mail.
   989 | D:1      | 989 ||| DROPPING +0 scale mail.
   990 | D:1      | 990 ||| READING scroll labelled JYAS OQIJOB.
  1018 | D:2      | Reached XP level 3. HP: 20/23 MP: 3/3
  1048 | D:2      | 1048 ||| Stepping ~*~*~tactically~*~*~ (hiding).
  1050 | D:2      | 1050 ||| Stepping ~*~*~tactically~*~*~ (hiding).
  1080 | D:2      | Found Zyetal's Distillery.
  1091 | D:2      | 1091 ||| BUYING potion of curing (30 gold).
  1091 | D:2      | Bought a potion of curing for 30 gold pieces
  1091 | D:2      | 1091 ||| BUYING potion of curing (30 gold).
  1091 | D:2      | Bought a potion of curing for 30 gold pieces
  1091 | D:2      | 1091 ||| SHOPLISTING potion of haste (100 gold, have 15).
  1091 | D:2      | 1091 ||| SHOPLISTING potion of might (40 gold, have 15).
  1121 | D:2      | 1121 ||| Stepping ~*~*~tactically~*~*~ (stealth).
  1123 | D:2      | 1123 ||| Stepping ~*~*~tactically~*~*~ (stealth).
  1126 | D:2      | 1126 ||| Stepping ~*~*~tactically~*~*~ (stealth).
  1206 | D:2      | 1206 ||| Stepping ~*~*~tactically~*~*~ (stealth).
  1207 | D:2      | 1207 ||| Stepping ~*~*~tactically~*~*~ (stealth).
  1297 | D:2      | 1297 ||| Stepping ~*~*~tactically~*~*~ (stealth).
  1298 | D:2      | 1298 ||| Stepping ~*~*~tactically~*~*~ (stealth).
  1511 | D:2      | 1511 ||| READING scroll labelled YQISUR ZISKE.
  1516 | D:2      | 1516 ||| READING scroll labelled DITEADD NEHATO.
  1517 | D:2      | 1517 ||| DRINKING 2 ruby potions.
  1518 | D:2      | 1518 ||| DROPPING potion of brilliance.
  1610 | D:3      | Reached XP level 4. HP: 22/28 MP: 4/4
  1728 | D:3      | Noticed an ice beast
  1741 | D:3      | Slain by an ice beast

Levels and vault maps discovered:
D:1:      beargit_arrival_diablo_church, layout_basic
D:2:      layout_rooms, serial_shops, shop
D:3:      cheibrodos_greedy_goblins, layout_loops_cross,
          minmay_randomly_rotated_circles, uniq_sigmund,
          uniq_crazy_yiuf_cottage, uniq_ijyb

Skill      XL: |  1  2 |
---------------+-------+-----
Axes           | 2 3 |  3.9
Fighting       | |  3.2
Armour         | |  3.2
Shields        | |  3.2

Action                     |  1- 3 |  4- 6 || total
---------------------------+-------+-------++-------
  Melee: War axe           |   134 |    22 ||   156
    Use: Scroll            |     3 |       ||     3
         Potion            |     1 |       ||     1
 Armour: Scale mail        |    29 |       ||    29
         Chain mail        |    40 |    21 ||    61
  Dodge: Dodged            |    53 |    12 ||    65
  Block: Buckler           |    23 |     4 ||    27

Table legend:
 A = Non-vault XP
 B = Vault XP
 C = Vault XP percentage of total XP
 D = Non-vault monster count
 E = Vault monster count
 F = Vault count percentage of total count
                 A         B        C        D         E       F
            +---------+---------+-------+---------+---------+-------
      Total |      78 |      19 |  19.6 |      42 |      10 |  19.2
            +---------+---------+-------+---------+---------+-------
        D:1 |      32 |       0 |   0.0 |      21 |       0 |   0.0
        D:2 |      34 |       0 |   0.0 |      14 |       0 |   0.0
        D:3 |      12 |      19 |  61.3 |       7 |      10 |  58.8
            +---------+---------+-------+---------+---------+-------
